 Dungeon Crawl Stone Soup version 0.27.1-2-g3b301248ec (webtiles) character file.

Game seed: 13130672408431231945

709268 Elvor the Slayer (level 27, -5/203 HPs)
             Began as a Gargoyle Delver on Sept 20, 2021.
             Was the Champion of Okawaru.
             Killed from afar by an orb of fire (25 damage)
             ... with a bolt of fire
             ... on level 5 of the Realm of Zot on Sept 23, 2021.
             The game lasted 16:18:18 (63641 turns).

Elvor the Slayer (Gargoyle Delver)                 Turns: 63641, Time: 16:18:18

Health: -5/203     AC: 59    Str: 29      XL:     27
Magic:  9/45       EV: 10    Int: 25      God:    Okawaru [******]
Gold:   6186       SH:  0    Dex: 14 (15) Spells: 12/62 levels left

rFire    + . .     SeeInvis +   s - +6 eveningstar (holy)
rCold    + + +     Faith    .   Y - +5 kite shield {reflect}
rNeg     + + +     Spirit   .   b - +8 ring mail of Xoym {Dex+4}
rPois    ∞         Reflect  +   p - +4 helmet of the Little Devil {Regen+ Str+4 SInv}
rElec    +         Harm     .   v - +2 cloak {rCorr}
rCorr    +         Rampage  .   y - +3 pair of gauntlets of War {Slay+5}
Will     +++..                  O - +2 pair of boots
Stlth    ++++++....             L - amulet of the Raven {rF+ rC++ rN++ Regen+}
HPRegen  2.43/turn              i - +6 ring of intelligence
MPRegen  0.29/turn              l - ring "Feul" {rN+ Will+ Int+4}

@: heroic, finesse-ful, marked, flying, held, studying Summonings
A: sickness immunity, AC +20, big wings, negative energy resistance 1,
electricity resistance, torment resistance 1, petrification resistance, talons
1, cold resistance 2, deterioration 1, robust 1, no potion heal 1
}: 5/15 runes: decaying, slimy, silver, abyssal, gossamer
a: Renounce Religion, Heroism, Finesse


You were on level 5 of the Realm of Zot.
You worshipped Okawaru.
Okawaru was exalted by your worship.
You visited 11 branches of the dungeon, and saw 55 of its levels.
You visited the Abyss 1 time.
You visited 1 bazaar.
You also visited: Trove, Bailey and Wizlab.

You collected 11910 gold pieces.
You spent 5724 gold pieces at shops.

Inventory:

Hand Weapons
 e - the +3 Elemental Staff {rElec rF++ rC++ Will++ AC+5}
   (You acquired it on level 1 of the Lair of Beasts)

   If the wielder is skilled in Evocations, they can discharge powerful blasts
   of elemental energy when striking with it.
   It enhances your fire, ice, earth and air magic.
   AC:        It affects your AC (+5).
   rF:        It greatly protects you from fire.
   rC:        It greatly protects you from cold.
   rElec:     It insulates you from electricity.
   Will:      It greatly increases your willpower.
 j - a +9 demon whip of electrocution
 s - a +6 eveningstar of holy wrath (weapon)
Missiles
 a - 65 silver javelins
 f - 102 javelins (quivered)
 t - 22 curare-tipped darts
Armour
 b - the +8 ring mail of Xoym (worn) {Dex+4}
   (You found it on level 4 of the Depths)

   Dex:       It affects your dexterity (+4).
 p - the +4 helmet of the Little Devil (worn) {Regen+ Str+4 SInv}
   (You acquired it on level 1 of the Lair of Beasts)

   Str:       It affects your strength (+4).
   SInv:      It lets you see invisible.
   Regen:     It increases your rate of health regeneration.
 v - a +2 cloak of preservation (worn)
 y - the +3 pair of gauntlets of War (worn) {Slay+5}
   (Okawaru gifted it to you on level 2 of the Elven Halls)

   Slay:      It affects your accuracy & damage with ranged weapons and melee
   (+5).
 O - a +2 pair of boots (worn)
 Y - a +5 kite shield of reflection (worn)
Jewellery
 i - a +6 ring of intelligence (left hand)
 l - the ring "Feul" (right hand) {rN+ Will+ Int+4}
   (You found it on level 4 of the Vaults)

   [ring of positive energy]

   Int:       It affects your intelligence (+4).
   rN:        It protects you from negative energy.
   Will:      It increases your willpower.
 L - the amulet of the Raven (around neck) {rF+ rC++ rN++ Regen+}
   (You found it in a wizard's laboratory)

   [amulet of regeneration]

   rF:        It protects you from fire.
   rC:        It greatly protects you from cold.
   rN:        It greatly protects you from negative energy.
   Regen:     It increases your rate of health regeneration.
Wands
 g - a wand of digging (22)
 n - a wand of charming (50)
 o - a wand of polymorph (45)
 q - a wand of acid (9)
 Q - a wand of iceblast (63)
 T - a wand of paralysis (38)
Scrolls
 d - 3 scrolls of magic mapping
 h - a scroll of holy word
 k - 7 scrolls of immolation
 r - 8 scrolls of vulnerability
 u - 25 scrolls of teleportation
 w - a scroll of enchant armour
 x - 2 scrolls of identify
 B - 3 scrolls of summoning
 C - a scroll of amnesia
 G - 5 scrolls of torment
 R - 9 scrolls of fog
 V - 9 scrolls of blinking
 X - 10 scrolls of fear
Potions
 c - 7 potions of lignification
 m - 2 potions of berserk rage
 z - 21 potions of ambrosia
 A - a potion of invisibility
 D - 9 potions of brilliance
 E - 5 potions of magic
 J - 21 potions of curing
 K - 3 potions of heal wounds
 M - 3 potions of resistance
 N - 5 potions of haste
 S - 10 potions of might
 W - 2 potions of cancellation
Miscellaneous
 F - a condenser vane (inert)
 Z - a tin of tremorstones (1/2)


   Skills:
 * Level 22.3(27) Fighting
 + Level 14.7(20.8) Maces & Flails
 + Level 10.5(18.8) Staves
 + Level 14.1(19.1) Throwing
 * Level 20.6(25.6) Armour
 + Level 11.8(16.8) Dodging
 + Level 11.3(16.3) Stealth
 + Level 17.3(22.3) Shields
 + Level 18.3 Spellcasting
 + Level 7.9 Conjurations
 + Level 2.8 Translocations
 + Level 2.4 Transmutations
 + Level 22.0 Earth Magic
 + Level 7.8 Invocations
 + Level 5.4 Evocations


You had 12 spell levels left.
You knew the following spells:

 Your Spells              Type           Power      Damage    Failure   Level
a - Apportation           Tloc           72%        N/A       1%          1
b - Iron Shot             Conj/Erth      39%        9d8       1%          6
c - Passwall              Tmut/Erth      59%        N/A       1%          2
d - Lee's Rapid Deconstr  Erth           46%        3d23*     0%          5
e - Blink                 Tloc           N/A        N/A       1%          2
f - Petrify               Tmut/Erth      71%        N/A       1%          4
g - Stone Arrow           Conj/Erth      100%       3d13      0%          3
h - Lehudib's Crystal Sp  Conj/Erth      39%        10d10     34%         8
i - Passage of Golubria   Tloc           N/A        N/A       8%          4
j - Shatter               Erth           46%        3d36*     30%         9
k - Swiftness             Air            22%        N/A       8%          3
l - Vampiric Draining     Necr           11%        2d7       8%          3

Your spell library contained the following spells:

 Spells                   Type           Power      Damage    Failure   Level
 Sandblast                Erth           100%       2d20      0%          1
 Foxfire                  Conj/Fire      100%       2x1d9     1%          1
 Magic Dart               Conj           100%       1d8       1%          1
 Shock                    Conj/Air       100%       1d9       1%          1
 Sting                    Tmut/Pois      100%       1d8       1%          1
 Static Discharge         Conj/Air       42%        N/A       1%          2
 Wereblood                Tmut           35%        N/A       1%          2
 Dazzling Flash           Conj/Hex       84%        N/A       1%          3
 Animate Armour           Summ/Erth      100%       N/A       1%          4
 Bolt of Magma            Conj/Fire/Erth 32%        4d14      1%          5
 Borgnjor's Vile Clutch   Necr/Erth      33%        N/A       1%          5
 Animate Skeleton         Necr           44%        N/A       2%          1
 Corona                   Hex            24%        N/A       2%          1
 Freeze                   Ice            88%        1d10      2%          1
 Pain                     Necr           88%        1d8       2%          1
 Summon Small Mammal      Summ           88%        N/A       2%          1
 Mephitic Cloud           Conj/Pois/Air  36%        N/A       2%          3
 Iskenderun's Mystic Bla  Conj/Tloc      49%        2d11      2%          4
 Iskenderun's Battlesphe  Conj           58%        2d11      2%          5
 Call Imp                 Summ           22%        N/A       3%          2
 Ensorcelled Hibernation  Hex/Ice        44%        N/A       3%          2
 Poisonous Vapours        Pois/Air       44%        N/A       3%          2
 Slow                     Hex            22%        N/A       3%          2
 Portal Projectile        Hex/Tloc       58%        N/A       4%          3
 Spider Form              Tmut/Pois      14%        N/A       4%          3
 Fulminant Prism          Conj/Hex       21%        3d13      4%          4
 Hailstorm                Conj/Ice       42%        3d10      4%          4
 Sticky Flame             Conj/Fire      42%        2d6       4%          4
 Call Canine Familiar     Summ           22%        N/A       8%          3
 Confusing Touch          Hex            22%        N/A       8%          3
 Frozen Ramparts          Ice            44%        1d6       8%          3
 Inner Flame              Hex/Fire       22%        N/A       8%          3
 Ozocubu's Armour         Ice            22%        N/A       8%          3
 Tukima's Dance           Hex            22%        N/A       8%          3
 Fireball                 Conj/Fire      21%        3d10      13%         5
 Lightning Bolt           Conj/Air       21%        1d36      13%         5
 Freezing Cloud           Conj/Ice/Air   18%        6-21      22%         5
 Manifold Assault         Tloc           36%        N/A       22%         5
 Airstrike                Air            11%        N/A       24%         4
 Animate Dead             Necr           11%        N/A       24%         4
 Cause Fear               Hex            11%        N/A       24%         4
 Dispel Undead            Necr           22%        3d12      24%         4
 Olgreb's Toxic Radiance  Pois           22%        N/A       24%         4
 Summon Ice Beast         Ice/Summ       22%        N/A       24%         4
 Summon Lightning Spire   Summ/Air       22%        N/A       24%         4
 Blade Hands              Tmut           17%        N/A       24%         5
 Yara's Violent Unravell  Hex/Tmut       14%        3d7       38%         5
 Excruciating Wounds      Necr           11%        N/A       56%         5
 Metabolic Englaciation   Hex/Ice        11%        N/A       56%         5
 Silence                  Hex/Air        11%        N/A       56%         5
 Summon Mana Viper        Hex/Summ       22%        N/A       56%         5
 Conjure Ball Lightning   Conj/Air       21%        3x3d6     58%         6
 Starburst                Conj/Fire      21%        6d7       58%         6
 Orb of Destruction       Conj           29%        9d11      61%         7
 Death Channel            Necr           11%        N/A       98%         6
 Invisibility             Hex            11%        N/A       98%         6
 Simulacrum               Ice/Necr       11%        N/A       98%         6
 Spellforged Servitor     Conj/Summ      21%        N/A       99%         7
 Dragon Form              Tmut           17%        N/A       100%        7
 Malign Gateway           Summ/Tloc      14%        N/A       100%        7
 Monstrous Menagerie      Summ           11%        N/A       100%        7
 Ozocubu's Refrigeration  Ice            11%        4d7       100%        7
 Storm Form               Tmut/Air       14%        N/A       100%        7
 Summon Hydra             Summ           11%        N/A       100%        7
 Discord                  Hex            11%        N/A       100%        8
 Maxwell's Capacitive Co  Air            11%        ∞         100%        8
 Summon Horrible Things   Summ           11%        N/A       100%        8
 Dragon's Call            Summ           11%        N/A       100%        9
 Fire Storm               Conj/Fire      21%        8d5       100%        9
 Polar Vortex             Ice            11%        N/A       100%        9
 Statue Form              Tmut/Erth      Unusable   N/A       N/A         6

Dungeon Overview and Level Annotations

Branches:
Dungeon (15/15)            Temple (1/1) D:7            Lair (6/6) D:11
  Swamp (4/4) Lair:3       Spider (4/4) Lair:4        Slime (5/5) Lair:6
    Orc (2/2) D:12            Elf (3/3) Orc:2        Vaults (5/5) D:14
  Crypt (0/3) Vaults:3     Depths (5/5) D:15            Zot (5/5) Depths:5
 Bailey (visited)          WizLab (visited)

Altars:
Ashenzari
Cheibriados
Dithmenos
Elyvilon
Fedhas
Gozag
Hepliaklqana
Kikubaaqudgha
Makhleb
Nemelex Xobeh
Okawaru
Qazlal
Ru
Sif Muna
Trog
Uskayaw
Vehumet
Wu Jian
Xom
Yredelemnul
Zin
The Shining One
Beogh
Jiyva
Lugonu

Shops:
D:3 =   D:9 (   D:12 [!   D:15 [*   Orc:2 (!=(   Elf:2 (   Elf:3 :   Vaults:1 (
Vaults:5 =   Depths:1 :==*   Depths:3 *

Portals:
Hell: Depths:1 Depths:2 Depths:3 Depths:4 Depths:5
Abyss: Depths:1 Depths:4 Depths:5
Pandemonium: Depths:3
Ziggurat: Depths:4


Innate Abilities, Weirdness & Mutations

You are immune to sickness and miasma.
Your stone body is resilient. (AC +20)
You are immune to poison.
Your large and strong wings let you fly.
You resist negative energy. (rN+)
You are resistant to electric shocks. (rElec)
You are resistant to unholy torment.
You are immune to petrification.
You have sharp toenails.
Your flesh is very cold resistant. (rC++)
Your body sometimes deteriorates upon taking damage.
You are robust. (+10% HP)
Potions are less effective at restoring your health.


Message History

The dread lich casts a spell.
The dread lich gestures wildly while chanting.
The orb of fire glows bright magenta.
The bolt of fire misses the orb of fire.
The bolt of fire hits you! You resist.
* * * LOW HITPOINT WARNING * * *
An Orb Guardian comes into view. x2
The orb of fire glows bright magenta.
The fireball explodes!
The fireball engulfs you!! You resist.
* * * LOW HITPOINT WARNING * * *
The fireball engulfs the orb of fire.
The orb of fire completely resists.
A dread lich comes into view.
Your system partially rejects the healing.
You feel much better.
The dread lich mumbles some strange words.
The Killer Klown blinks!
The orb of fire glows yellow.
The bolt of fire hits you!! You resist.
* * * LOW HITPOINT WARNING * * *
Your body deteriorates!
You feel clumsy.
An Orb Guardian comes into view.
Your system partially rejects the healing.
You feel much better.
The orb of fire glows bright magenta.
The fireball explodes!
The fireball engulfs you!! You resist.
* * * LOW HITPOINT WARNING * * *
The fireball engulfs the orb of fire.
The orb of fire completely resists.
The dread lich gestures wildly while chanting.
The orb of fire glows bright magenta.
The bolt of fire hits the orb of fire.
The orb of fire completely resists.
The bolt of fire misses you.
An Orb Guardian comes into view.
The dread lich casts a spell.
Your system partially rejects the healing.
You feel much better.
An Orb Guardian comes into view.
The orb of fire glows red.
The bolt of fire hits the orb of fire.
The orb of fire completely resists.
The bolt of fire hits you!! You resist.
You die...

##........................<......
##..........................⌠..#
###......................^....##
#.......###.....#####.........#
#......## *##...# ####.......#
#......# *#######.......####
#......##########..........#
#.......)⌠)†..))..^......###
####...###.).##@#.......##
****▓▓▓▓########*########▓ ****
,,,** *....z.**LXL....# **,,,
,,,,** *#....p8*XX2...## **,,,,
^,,,,** #...LLXXXX1..2# **,,,,,
,,,,,,* ##..XD.X.L...## *,,,,,^
,^,,,,* #..X2...1L..# *,,,,,,
,,,,,,* ##.X.........## *,,,,,,
,^,,,,* #.............# *,,,,,,


You could see 4 orbs of fire, a Killer Klown, an electric golem, 2 tentacled
monstrosities, an ancient lich, 4 dread liches, a storm dragon, a Tzitzimitl
(summoned), a Brimstone Fiend (summoned), 8 Orb Guardians and a balrug
(summoned).

Vanquished Creatures
  the Royal Jelly (Slime:5)
  A dread lich (Vaults:1)
  2 ancient liches
  Mennas (Vaults:4)
  3 juggernauts
  Sojobo (Vaults:4)
  the Lernaean hydra (Swamp:4)
  Frederick (Vaults:4)
  5 caustic shrikes (Depths:4)
  5 golden dragons
  Nikola (Spider:2)
  The ghost of Elvor the Warrior, a veteran GrDe of Okawaru (Vaults:4)
  2 bone dragons (Abyss:3)
  Arachne (Spider:3)
  14 tentacled monstrosities
  Jorgrun (D:14)
  Rupert (Orc:2)
  An electric golem (Zot:2)
  6 liches
  5 deep elf blademasters
  The ghost of Oggdrasil the Brawler, an adept VSFi of Okawaru (Zot:2)
  3 quicksilver dragons
  14 titans
  2 deep elf master archers (Elf:3)
  6 Orb Guardians (Zot:5)
  23 acid blobs
  A death cob (Zot:2)
  Gastronok (Lair:1)
  8 tentacled starspawn
  6 sphinxes
  The ghost of Epsimela the Corrupter of Planes, an adept DsAK of Lugonu (Spider:2)
  6 shadow dragons
  3 thorn hunters
  Kirke (D:11)
  12 tengu reavers
  2 fenstrider witches
  10 rockslimes
  10 azure jellies
  2 draconian monks (Zot:2)
  4 storm dragons
  10 fire giants
  A nagaraja (Depths:2)
  5 ghost moths
  Aizul (Spider:4)
  3 cacodemons
  5 orc warlords
  2 iron dragons
  3 draconian scorchers
  9 emperor scorpions
  9 frost giants
  21 vault wardens
  The ghost of Cechef the Hand of Shadow, an adept KoEn of Dithmenos (Swamp:1)
  2 draconian knights
  4 balrugs
  A black sun (WizLab)
  Louise (Spider:3)
  5 draconian stormcallers
  The ghost of Kisosi the Severer, a journeyman DDFi of Makhleb (Orc:1)
  5 draconian shifters
  9 deep elf sorcerers
  5 deep elf elementalists
  10 quicksilver oozes
  20 ironbound preservers
  3 draconian annihilators
  A reaper (Depths:5)
  28 very ugly things
  12 stone giants
  A stone giant (shapeshifter) (Vaults:5)
  3 war gargoyles
  Nessos (Lair:5)
  12 red draconians
  7 deep elf demonologists
  5 entropy weavers
  4 purple draconians
  A green draconian (Zot:1)
  6 bunyips
  9 spark wasps
  7 vampire knights
  Azrael (D:12)
  9 deep elf annihilators
  9 dire elephants
  22 yellow draconians
  4 black draconians
  6 white draconians
  8 ettins
  2 lorocyprocas (WizLab)
  An ettin (shapeshifter) (Vaults:5)
  Snorg (Lair:4)
  The ghost of knorpule3000 the Slicer, a journeyman HuWr of Gozag (D:9)
  4 eleionomae
  11 deep elf death magi
  A blizzard demon (WizLab)
  Josephine (Orc:2)
  2 shambling mangroves
  4 crystal guardians
  3 green deaths
  10 fire dragons
  7 deep elf high priests
  17 great orbs of eyes
  12 yaktaur captains
  A salamander tyrant (Depths:4)
  11 ironbound thunderhulks
  A naga warrior (Depths:2)
  The ghost of bignoob the Fighter, a journeyman DjCj of Makhleb (Lair:2)
  25 hydras
  9 ice dragons
  A catoblepas (shapeshifter) (Depths:3)
  4 rakshasas
  Harold (Lair:1)
  35 vault guards
  8 boulder beetles
  4 peacekeepers
  10 ironbound frosthearts
  8 spriggan air magi
  An anaconda (shapeshifter) (Vaults:5)
  7 catoblepae
  An ogre mage (Vaults:5)
  2 ghost crabs
  17 centaur warriors
  2 hell beasts
  5 two-headed ogres
  A two-headed ogre (shapeshifter) (Vaults:1)
  Erica (Lair:1)
  11 alligators
  3 death knights
  A satyr (Abyss:3)
  9 deep troll shamans
  28 dancing weapons
  6 vampire magi
  16 death yaks
  5 ironbound beastmasters
  8 tengu warriors
  2 orc high priests (Depths:2)
  11 deep troll earth magi
  12 thrashing horrors
  15 spriggan berserkers
  23 deep elf knights
  Urug (Lair:3)
  2 storm dragon zombies
  7 wretched stars
  2 soul eaters
  A sun demon (WizLab)
  8 iron trolls
  4 goliath frogs
  2 spatial maelstroms (Abyss:2)
  8 sixfirhies
  60 deep trolls
  36 starcursed masses
  A glowing orange brain (shapeshifter) (Vaults:1)
  3 skeletal warriors (Depths:2)
  4 spriggan druids
  A death drake (Abyss:2)
  14 deep elf archers
  2 salamander mystics
  A flayed ghost (Vaults:5)
  8 swamp dragons
  An obsidian statue (Depths:5)
  8 glowing orange brains
  9 bog bodies
  A quicksilver dragon simulacrum (Vaults:5)
  8 phantasmal warriors
  2 lindwurms (Vaults:1)
  Pikel (D:5)
  5 necromancers
  21 wolf spiders
  7 orc knights
  37 deep elf zephyrmancers
  21 wizards
  3 harpies (Vaults:5)
  21 ironbound convokers
  A frost giant zombie (Abyss:3)
  25 deep elf pyromancers
  2 oklob plants
  9 orc sorcerers
  2 human zombies (Vaults:3)
  48 ugly things
  3 manticores
  15 orb spiders
  4 salamanders
  2 stone giant zombies
  4 will-o-the-wisps
  2 cyclopes
  4 shining eyes
  Joseph (Lair:1)
  2 human skeletons
  12 moths of wrath
  4 black mambas
  An ice statue (D:15)
  A guardian serpent (Abyss:3)
  4 worldbinders
  4 apocalypse crabs
  2 smoke demons (Abyss:3)
  6 elephants (Lair:6)
  2 rust devils
  A naga mage (Abyss:3)
  4 eyes of devastation
  11 rime drakes
  A gargoyle (D:11)
  3 torpor snails
  26 vault sentinels
  7 orange demons
  A yaktaur zombie (Vaults:1)
  13 cane toads
  34 yaktaurs
  2 efreet (Abyss:3)
  3 hellions
  Maggie (Lair:1)
  4 kobold demonologists
  8 komodo dragons
  10 demonic crawlers
  5 tengu conjurers
  10 ancient zymes
  8 ice devils
  5 freezing wraiths
  5 hellwings
  A silent spectre (Abyss:3)
  2 bloated husks
  A queen bee (shapeshifter) (Abyss:3)
  12 meliai
  9 trolls
  31 jumping spiders
  The ghost of bobkasz2 the Covered, an amateur MiFi of Qazlal (D:4)
  2 meliai (shapeshifter)
  A queen bee (D:13)
  Grinder (D:5)
  9 polar bears
  7 red devils
  17 hornets
  11 tyrant leeches
  A wind drake (shapeshifter) (D:14)
  21 raiju
  A blink frog (shapeshifter) (Vaults:5)
  8 blink frogs
  106 slime creatures
  3 air elementals (Elf:1)
  2 ettin skeletons (Vaults:3)
  2 shadows (Swamp:4)
  14 spriggans
  12 wraiths
  39 yaks
  51 redbacks
  A yak (shapeshifter) (Elf:2)
  21 tarantellas
  3 water elementals
  7 ynoxinuls
  7 fire elementals
  A fire bat (Abyss:3)
  6 basilisks
  8 golden eyes
  2 hogs
  19 humans (D:14)
  6 wyverns
  A vampire (D:13)
  6 steam dragons (Lair:3)
  9 chaos spawn
  A fire bat (shapeshifter) (D:15)
  14 neqoxecs
  8 wargs
  12 vampire mosquitoes
  2 acid dragons (D:11)
  12 swamp worms
  3 hell hounds
  19 large abominations
  A floating eye (Slime:2)
  18 water moccasins
  A floating eye (shapeshifter) (Depths:5)
  3 swamp drakes
  32 orc warriors
  11 ice beasts
  A sky beast (Abyss:3)
  3 boggarts
  A hornet zombie (D:8)
  A black bear (D:11)
  6 ogres
  Purgy (D:4)
  21 small abominations
  6 wolves (Lair:3)
  28 centaurs
  2 necrophages
  2 phantoms (D:5)
  4 lemures
  7 kobold brigands
  11 bullfrogs
  A gnoll sergeant (D:11)
  3 earth elementals
  3 scorpions
  A hornet simulacrum (D:15)
  A water moccasin skeleton (D:4)
  22 killer bees (D:13)
  12 wights
  5 electric eels
  8 howler monkeys
  A crimson imp (D:7)
  4 centaur zombies
  2 quasits (Abyss:3)
  30 jellies
  20 orc priests
  4 hounds
  A centaur skeleton (D:6)
  5 iguanas
  5 iron imps
  42 orc wizards
  7 hell rats (Lair:6)
  A killer bee zombie (D:9)
  A human simulacrum (Abyss:2)
  2 hound zombies
  A hound skeleton (D:5)
  A howler monkey zombie (D:8)
  7 adders
  25 gnolls
  A shadow imp (D:5)
  12 white imps
  5 ufetubi
  An adder skeleton (D:5)
  An adder zombie (D:4)
  3 worms
  3 dart slugs
  108 orcs
  8 bats
  13 endoplasms
  5 giant cockroaches
  6 goblins
  10 hobgoblins
  16 jackals
  19 kobolds
  5 quokkas
  3 ball pythons
  4 frilled lizards
  23 rats
  A lurking horror (Abyss:1)
  4 starspawn tentacles
2636 creatures vanquished.

Vanquished Creatures (collateral kills)
  Saint Roka (Vaults:1)
  A Hellbinder (WizLab)
  An orc warrior (Vaults:1)
  An orc priest (Vaults:1)
  An orc wizard (Vaults:1)
5 creatures vanquished.

Vanquished Creatures (others)
  Bai Suzhen (Swamp:3)
  A ghost moth (Spider:4)
  A vampire knight (Depths:3)
  A minotaur (Depths:2)
  A green death (Swamp:4)
  3 deep elf zephyrmancers
  A manticore (D:13)
  A black mamba (Lair:6)
  2 large abominations (Abyss:3)
  A komodo dragon (Lair:6)
  A bloated husk (Swamp:4)
  A tarantella (Spider:2)
  A water elemental (Depths:3)
  A human (D:12)
  A small abomination (Abyss:3)
  A swamp drake (Swamp:4)
  An orc wizard (Orc:2)
  8 foxfires
  28 fungi
  83 plants
  13 starspawn tentacles
  3 withered plants (D:2)
155 creatures vanquished.

Grand Total: 2796 creatures vanquished

Notes
Turn   | Place    | Note
-------+----------+-------------------------------------------
     0 | D:5      | Elvor the Gargoyle Delver began the quest for the Orb.
     0 | D:5      | Reached XP level 1. HP: 14/14 MP: 1/1
     3 | D:5      | Found a snail-covered altar of Cheibriados.
    37 | D:5      | Noticed an ice beast
    53 | D:5      | Noticed an ice beast
    65 | D:6      | Noticed an ice beast
    65 | D:6      | Noticed an orc priest
    65 | D:6      | Noticed an orc priest
    65 | D:6      | Noticed an orc wizard
    83 | D:5      | Found an iron altar of Okawaru.
    93 | D:5      | Became a worshipper of Warmaster Okawaru
   154 | D:5      | Noticed a hound
   166 | D:5      | Killed a hound
   167 | D:5      | Reached XP level 2. HP: 11/20 MP: 2/2
   167 | D:5      | Reached XP level 3. HP: 13/24 MP: 3/3
   215 | D:5      | Noticed a scorpion
   344 | D:3      | Reached XP level 4. HP: 26/29 MP: 4/4
   586 | D:3      | Found a hazy altar of Hepliaklqana.
   708 | D:3      | Found a shimmering altar of Xom.
   836 | D:1      | HP: 1/29 [quokka (2)]
   964 | D:1      | Learned a level 1 spell: Apportation
   979 | D:1      | Reached skill level 1 in Armour
  1169 | D:1      | Reached XP level 5. HP: 31/33 MP: 5/5
  1595 | D:2      | Found a faded altar of an unknown god.
  2054 | D:3      | Reached * piety under Okawaru
  2520 | D:3      | Found Pannite's Jewellery Shop.
  2628 | D:4      | Found a sacrificial altar of Ru.
  2735 | D:4      | Reached XP level 6. HP: 13/38 MP: 6/6
  2976 | D:4      | Reached skill level 1 in Throwing
  3405 | D:4      | Reached XP level 7. HP: 37/44 MP: 7/7
  3591 | D:4      | Reached skill level 5 in Maces & Flails
  4347 | D:4      | Noticed Purgy
  4379 | D:4      | Reached skill level 5 in Fighting
  4380 | D:4      | Killed Purgy
  4380 | D:4      | Reached ** piety under Okawaru
  4453 | D:4      | Found a runed translucent gate.
  4453 | D:4      | Found a runed translucent gate.
  4453 | D:4      | Found a runed translucent gate.
  4459 | D:4      | Noticed bobkasz2's ghost (amateur MiFi)
  4460 | D:4      | Found an opulent altar of Gozag.
  4578 | D:4      | Reached XP level 8. HP: 49/49 MP: 8/8
  4594 | D:4      | Learned a level 1 spell: Sandblast
  4597 | D:4      | Learned a level 2 spell: Passwall
  4610 | D:4      | Found a stormy altar of Qazlal.
  4656 | D:4      | Found a basalt altar of Yredelemnul.
  4823 | D:4      | Killed bobkasz2's ghost
  4824 | D:4      | Reached skill level 1 in Evocations
  5038 | D:5      | Reached *** piety under Okawaru
  5059 | D:5      | Noticed Pikel
  5061 | D:5      | Noticed Grinder
  5072 | D:5      | Paralysed by Grinder for 3 turns
  5080 | D:5      | Killed Grinder
  5081 | D:5      | Reached skill level 5 in Armour
  5081 | D:5      | Reached XP level 9. HP: 25/55 MP: 9/9
  5096 | D:5      | HP: 2/55 [lemure[Pikel] (6)]
  5778 | D:5      | Killed Pikel
  5869 | D:6      | Received a gift from Okawaru
  5870 | D:6      | Reached skill level 1 in Earth Magic
  6261 | D:6      | Reached **** piety under Okawaru
  6409 | D:6      | Identified the +2 helmet "Rabymaj" {Rampage Int+5 Dex-2}
  6501 | D:6      | Reached skill level 1 in Spellcasting
  6898 | D:6      | Reached XP level 10. HP: 56/60 MP: 9/12
  6904 | D:6      | Learned a level 5 spell: Lee's Rapid Deconstruction
  7013 | D:7      | Found a white marble altar of Elyvilon.
  7014 | D:7      | Found an ornate altar of the Wu Jian Council.
  7016 | D:7      | Found a hazy altar of Hepliaklqana.
  7078 | D:7      | Found a staircase to the Ecumenical Temple.
  7087 | Temple   | Entered the Ecumenical Temple
  7511 | D:7      | Found a radiant altar of Vehumet.
  7511 | D:7      | Found a burning altar of Makhleb.
  7668 | D:3      | Bought the ring of Avimir {rN+ Dex+5 SInv} for 417 gold
                  | pieces
  7889 | D:8      | Found a shimmering blue altar of Sif Muna.
  7909 | D:8      | Learned a level 2 spell: Blink
  8200 | D:8      | Received a gift from Okawaru
  8781 | D:9      | Noticed a two-headed ogre
  8851 | D:8      | Killed a two-headed ogre
  8852 | D:8      | Reached skill level 5 in Throwing
  8852 | D:8      | Reached skill level 5 in Earth Magic
  9074 | D:9      | Reached skill level 1 in Invocations
  9148 | D:9      | Received a gift from Okawaru
  9180 | D:9      | Found Kuocrun's Antique Weapon Boutique.
  9191 | D:9      | Noticed a two-headed ogre
  9207 | D:9      | Killed a two-headed ogre
  9207 | D:9      | Reached ***** piety under Okawaru
  9235 | D:9      | Found a hide-covered altar of Uskayaw.
  9254 | D:9      | Reached XP level 11. HP: 54/66 MP: 15/18
  9425 | D:9      | Found a runed translucent gate.
  9428 | D:9      | Found a runed translucent gate.
  9428 | D:9      | Noticed a ten-headed hydra
  9430 | D:9      | Found a runed translucent gate.
  9449 | D:9      | Noticed knorpule3000's ghost (journeyman HuWr)
  9449 | D:9      | Noticed a ten-headed hydra
  9774 | D:9      | Received a gift from Okawaru
  9990 | D:9      | Reached skill level 5 in Spellcasting
 10146 | D:10     | Entered Level 10 of the Dungeon
 10224 | D:10     | Found an ancient bone altar of Kikubaaqudgha.
 10446 | D:10     | Noticed a sun demon
 10483 | D:10     | Noticed a sun demon
 10905 | D:11     | Noticed a boulder beetle
 11049 | D:11     | Noticed a boulder beetle
 11061 | D:11     | Killed a boulder beetle
 11140 | D:11     | Found a viscous altar of Jiyva.
 11240 | D:11     | Killed a boulder beetle
 11240 | D:11     | Received a gift from Okawaru
 11241 | D:11     | Reached skill level 10 in Maces & Flails
 11736 | D:11     | Found a staircase to the Lair.
 11804 | D:12     | Noticed Azrael
 11835 | D:12     | Noticed Kirke
 11945 | D:12     | Found a staircase to the Orcish Mines.
 11945 | D:12     | Found Wagiraxt's Armour Shop.
 11991 | D:11     | Received a gift from Okawaru
 12166 | D:11     | Reached XP level 12. HP: 61/72 MP: 18/20
 12269 | D:11     | Reached skill level 5 in Dodging
 12385 | D:11     | Killed Kirke
 12386 | D:11     | Reached skill level 1 in Translocations
 12389 | D:12     | Noticed a boulder beetle
 12697 | D:12     | Killed a boulder beetle
 12739 | D:12     | Bought a +2 kite shield for 247 gold pieces
 12787 | D:12     | Found Zeuptoqe's Distillery.
 12797 | D:12     | Received a gift from Okawaru
 12828 | D:12     | Killed Azrael
 13147 | D:12     | Received a gift from Okawaru
 13181 | D:12     | Reached skill level 1 in Shields
 13191 | D:12     | Bought a potion of heal wounds for 85 gold pieces
 13191 | D:12     | Bought a potion of heal wounds for 85 gold pieces
 13191 | D:12     | Bought a potion of heal wounds for 85 gold pieces
 13191 | D:12     | Bought a potion of berserk rage for 85 gold pieces
 13222 | D:12     | Noticed a two-headed ogre
 13256 | D:12     | Killed a two-headed ogre
 13256 | D:12     | Received a gift from Okawaru
 13307 | D:12     | Found a portal to a secret trove of treasure.
 13853 | D:9      | Killed a ten-headed hydra
 13875 | D:9      | Killed knorpule3000's ghost
 13889 | D:9      | Noticed a quicksilver ooze
 13889 | D:9      | a ten-headed hydra changed into a quicksilver ooze
 13904 | D:9      | Killed a quicksilver ooze
 13932 | D:9      | Identified the +6 long sword of the Witching Sybil {drain,
                  | rElec rF+ Dex+2}
 14087 | Lair:1   | Entered Level 1 of the Lair of Beasts
 14103 | Lair:1   | Noticed Gastronok
 14131 | Lair:1   | Killed Gastronok
 14132 | Lair:1   | Reached XP level 13. HP: 43/79 MP: 22/22
 14166 | Lair:1   | Noticed Maggie
 14180 | Lair:1   | Killed Maggie
 14656 | Lair:1   | Found a blossoming altar of Fedhas.
 14736 | Lair:1   | Noticed Erica
 14753 | Lair:1   | Killed Erica
 14783 | Lair:1   | Identified 2 scrolls of acquirement
 14787 | Lair:1   | Acquired the +3 Elemental Staff {rElec rF++ rC++ Will++
                  | AC+5}
 14787 | Lair:1   | Found the +3 Elemental Staff {rElec rF++ rC++ Will++ AC+5}
 14789 | Lair:1   | Acquired the +4 helmet of the Little Devil {Regen+ Str+4
                  | SInv}
 14839 | Lair:1   | Noticed Harold
 14884 | Lair:1   | Killed Harold
 14884 | Lair:1   | Received a gift from Okawaru
 15052 | Lair:1   | Noticed Joseph
 15069 | Lair:1   | Killed Joseph
 15375 | Lair:2   | Found a runed translucent gate.
 15376 | Lair:2   | Found a runed translucent gate.
 15376 | Lair:2   | Found a runed translucent gate.
 15566 | Lair:2   | Noticed bignoob's ghost (journeyman DjCj)
 15568 | Lair:2   | Found a viscous altar of Jiyva.
 15617 | Lair:2   | Killed bignoob's ghost
 15662 | Lair:2   | Reached skill level 1 in Staves
 15952 | Lair:2   | Received a gift from Okawaru
 16231 | Lair:3   | Noticed Urug
 16246 | Lair:3   | Killed Urug
 16262 | Lair:3   | Found a staircase to the Swamp.
 16340 | Lair:3   | Received a gift from Okawaru
 16750 | Lair:3   | Received a gift from Okawaru
 16788 | Lair:3   | Gained mutation: Your large and strong wings let you fly.
                  | [Gargoyle growth]
 16788 | Lair:3   | Reached XP level 14. HP: 77/86 MP: 25/25
 16818 | Lair:3   | Received a gift from Okawaru
 17264 | Lair:3   | Reached skill level 5 in Shields
 17322 | Lair:4   | Received a gift from Okawaru
 17405 | Lair:4   | Found a hole to the Spider Nest.
 17543 | Lair:3   | Received a gift from Okawaru
 18170 | Lair:5   | You are sucked into a shaft and drop 1 floor!
 18170 | Lair:6   | Entered Level 6 of the Lair of Beasts
 18174 | Lair:6   | Reached skill level 10 in Earth Magic
 18294 | Lair:5   | Noticed Snorg
 18400 | Lair:4   | Killed Snorg
 18754 | Lair:5   | Noticed Nessos
 18765 | Lair:5   | Killed Nessos
 18872 | Lair:5   | Reached ****** piety under Okawaru
 18927 | Lair:5   | Reached XP level 15. HP: 75/90 MP: 28/28
 19212 | Lair:6   | Received a gift from Okawaru
 19212 | Lair:6   | Found the +3 warlock's mirror {reflect}
 19301 | Lair:6   | Reached skill level 5 in Staves
 19367 | Lair:6   | Found a staircase to the Slime Pits.
 20156 | Lair:6   | Reached skill level 10 in Fighting
 20905 | Orc:1    | Entered Level 1 of the Orcish Mines
 20959 | Orc:1    | Found a runed translucent door.
 20959 | Orc:1    | Found a shimmering altar of Xom.
 20959 | Orc:1    | Noticed Kisosi's ghost (journeyman DDFi)
 21047 | Orc:1    | Killed Kisosi's ghost
 21053 | Orc:1    | Got Sif Muna's Reference Book on the Harmful Traveller
 21077 | Orc:2    | Entered Level 2 of the Orcish Mines
 21228 | Orc:2    | Noticed Rupert
 21310 | Orc:2    | Killed Rupert
 21310 | Orc:2    | Received a gift from Okawaru
 21380 | Orc:2    | Reached skill level 10 in Spellcasting
 21677 | Orc:2    | Found Suosoh's Distillery.
 21677 | Orc:2    | Found Keun's Weapon Shoppe.
 21777 | Orc:2    | Paralysed by an orc sorcerer for 7 turns
 21820 | Orc:2    | Found Janal's Weapon Boutique.
 21820 | Orc:2    | Found Ocvod's Jewellery Shoppe.
 21939 | Orc:2    | Found a staircase to the Elven Halls.
 22036 | Orc:2    | Noticed Josephine
 22069 | Orc:2    | Killed Josephine
 22263 | Orc:2    | Bought a potion of heal wounds for 70 gold pieces
 22263 | Orc:2    | Bought a potion of heal wounds for 70 gold pieces
 22263 | Orc:2    | Bought a potion of curing for 42 gold pieces
 22263 | Orc:2    | Bought a potion of brilliance for 56 gold pieces
 22263 | Orc:2    | Bought a potion of brilliance for 56 gold pieces
 22589 | Orc:1    | You are sucked into a shaft and drop 1 floor!
 22851 | D:13     | Found a flagged portal.
 22861 | Bailey   | Entered a bailey
 22876 | Bailey   | Reached XP level 16. HP: 99/99 MP: 30/30
 23392 | D:13     | Received a gift from Okawaru
 24092 | D:14     | Found a shadowy altar of Dithmenos.
 24259 | D:14     | Learned a level 4 spell: Petrify
 24635 | D:14     | Noticed Jorgrun
 24662 | D:14     | Killed Jorgrun
 25320 | D:14     | Found a gate to the Vaults.
 25334 | D:14     | Learned a level 3 spell: Stone Arrow
 25343 | D:14     | Learned a level 8 spell: Lehudib's Crystal Spear
 25382 | D:15     | Entered Level 15 of the Dungeon
 25436 | D:15     | Received a gift from Okawaru
 25481 | D:14     | Reached skill level 10 in Throwing
 25645 | D:15     | Found Farunky's Assorted Antiques.
 25911 | D:15     | Reached XP level 17. HP: 106/106 MP: 2/32
 26042 | D:15     | Found Baeph's Antique Armour Shop.
 26091 | D:15     | Bought a faintly glowing kite shield for 285 gold pieces
 26091 | D:15     | Identified the +10 kite shield of the Morning {Harm Will+}
                  | (You bought it in a shop on level 15 of the Dungeon)
 26365 | D:15     | Found a staircase to the Depths.
 26539 | D:15     | Bought a masterwork cloak for 237 gold pieces
 26539 | D:15     | Identified the +3 cloak of Rooly {rElec rPois rC+++ Int-2}
                  | (You bought it in a shop on level 15 of the Dungeon)
 26639 | D:15     | Bought a scroll of blinking for 187 gold pieces
 26832 | Spider:1 | Entered Level 1 of the Spider Nest
 27129 | Lair:4   | Received a gift from Okawaru
 27388 | Spider:1 | Reached skill level 1 in Conjurations
 27525 | Spider:2 | Received a gift from Okawaru
 27742 | Spider:2 | Received a gift from Okawaru
 27862 | Spider:2 | Found a transporter.
 27866 | Spider:2 | Noticed Epsimela's ghost (adept DsAK)
 27869 | Spider:2 | Found a transporter.
 28264 | Spider:2 | Reached skill level 5 in Invocations
 28292 | Spider:2 | Killed Epsimela's ghost
 28346 | Spider:3 | Noticed Nikola
 28361 | Spider:3 | Noticed Louise
 28371 | Spider:2 | Killed Nikola
 28423 | Spider:3 | Killed Louise
 28577 | Spider:3 | Identified the +7 ring mail of the Hundredfold Hosts
                  | {Dex+2}
 28595 | Spider:3 | Noticed Arachne
 28662 | Spider:3 | Killed Arachne
 28717 | Spider:3 | Reached XP level 18. HP: 95/114 MP: 14/33
 29215 | Spider:4 | Entered Level 4 of the Spider Nest
 29359 | Spider:4 | Reached skill level 10 in Shields
 29369 | Spider:4 | Received a gift from Okawaru
 29663 | Spider:4 | Found the +8 autumn katana {vorpal, Clar}
 29667 | Spider:4 | Noticed Aizul
 29768 | Spider:4 | Killed Aizul
 29768 | Spider:4 | Identified the +5 morningstar of Propriety {freeze, rF+
                  | Int-3 Dex+6} (Okawaru gifted it to you on level 4 of the
                  | Spider Nest)
 29768 | Spider:4 | Received a gift from Okawaru
 29968 | Spider:4 | Reached skill level 1 in Transmutations
 30159 | Spider:4 | Got a gossamer rune of Zot
 30598 | Swamp:1  | Entered Level 1 of the Swamp
 30862 | Swamp:1  | Received a gift from Okawaru
 30927 | Swamp:1  | Found a large runed translucent door.
 30931 | Swamp:1  | Found a large runed translucent door.
 30963 | Swamp:1  | Noticed Cechef's ghost (adept KoEn)
 30976 | Swamp:1  | Killed Cechef's ghost
 31043 | Swamp:1  | Found a glowing golden altar of the Shining One.
 31613 | Swamp:2  | Received a gift from Okawaru
 31693 | Swamp:2  | Acquired 900 gold pieces
 31767 | Swamp:2  | Reached XP level 19. HP: 112/120 MP: 31/35
 32106 | Swamp:3  | Noticed Bai Suzhen
 32160 | Swamp:3  | Killed Bai Suzhen
 32378 | Swamp:3  | Reached skill level 15 in Earth Magic
 32390 | Swamp:3  | Received a gift from Okawaru
 32391 | Swamp:3  | Reached skill level 10 in Armour
 32550 | Swamp:4  | Entered Level 4 of the Swamp
 32606 | Swamp:3  | Received a gift from Okawaru
 32868 | Swamp:4  | Received a gift from Okawaru
 33034 | Swamp:4  | Noticed the 27-headed Lernaean hydra
 33356 | Swamp:4  | Received a gift from Okawaru
 33562 | Swamp:4  | Killed the 27-headed Lernaean hydra
 33627 | Swamp:4  | Got a decaying rune of Zot
 33990 | Vaults:1 | Entered Level 1 of the Vaults
 34150 | Vaults:1 | Reached XP level 20. HP: 118/128 MP: 20/36
 34250 | Vaults:1 | Identified the +9 lajatang of Syorefuq {holy, rPois Str+2
                  | Int-5 Dex+6} (Okawaru gifted it to you on level 1 of the
                  | Vaults)
 34250 | Vaults:1 | Received a gift from Okawaru
 34489 | Vaults:1 | Noticed Saint Roka
 34798 | Vaults:1 | Found Kifigek's Antique Weapon Shoppe.
 34906 | Vaults:1 | Identified the +0 helmet of Wifeer {rF+ rN+ Int+3 Dex-5}
                  | (Okawaru gifted it to you on level 1 of the Vaults)
 34906 | Vaults:1 | Received a gift from Okawaru
 34916 | Vaults:1 | Reached skill level 15 in Fighting
 35435 | Vaults:1 | Noticed a dread lich
 35469 | Vaults:1 | Killed a dread lich
 35591 | Vaults:1 | Reached skill level 10 in Stealth
 35690 | Vaults:1 | Killed Saint Roka
 35938 | Vaults:2 | Found a flickering gateway to a bazaar.
 35950 | Bazaar   | Entered a bazaar
 35994 | Bazaar   | Found Qeloll's Antique Weapon Boutique.
 36016 | Bazaar   | Found Inimp's Distillery.
 36037 | Bazaar   | Found Ampal's Armour Boutique.
 36057 | Bazaar   | Found Kigo's General Store.
 36063 | Bazaar   | Bought a scroll of magic mapping for 45 gold pieces
 36100 | Bazaar   | Bought a potion of mutation for 152 gold pieces
 36100 | Bazaar   | Bought a potion of curing for 57 gold pieces
 36100 | Bazaar   | Bought a potion of curing for 57 gold pieces
 36100 | Bazaar   | Bought a potion of curing for 57 gold pieces
 36100 | Bazaar   | Bought a potion of haste for 190 gold pieces
 36100 | Bazaar   | Bought a potion of brilliance for 76 gold pieces
 36100 | Bazaar   | Bought a potion of brilliance for 76 gold pieces
 36100 | Bazaar   | Bought a potion of curing for 57 gold pieces
 36328 | Vaults:2 | Received a gift from Okawaru
 36477 | Vaults:2 | Learned a level 4 spell: Passage of Golubria
 36640 | Vaults:2 | Reached XP level 21. HP: 130/135 MP: 31/38
 36939 | Vaults:2 | Received a gift from Okawaru
 37032 | Vaults:2 | Identified the +0 crystal plate armour "Cymoclec" {Dex+2}
                  | (Okawaru gifted it to you on level 2 of the Vaults)
 37032 | Vaults:2 | Received a gift from Okawaru
 37649 | Vaults:3 | Found a magical portal.
 37678 | WizLab   | Entered The Hall of the Hellbinder
 37748 | WizLab   | Gained mutation: Your magical capacity is low. (-10% MP) [a
                  | neqoxec]
 38077 | WizLab   | Found a burning altar of Makhleb.
 38078 | WizLab   | Noticed Neah
 38104 | WizLab   | Killed Neah the Hellbinder
 38115 | WizLab   | Identified the amulet of the Raven {rF+ rC++ rN++ Regen+}
 38117 | WizLab   | Got the Compendium of Companions
 38149 | WizLab   | Identified the ring of Zaduas {Fire Fly rPois Dex-4 SInv}
 38162 | WizLab   | Learned a level 9 spell: Shatter
 38234 | WizLab   | Lost mutation: Your magical capacity is low. (-10% MP)
                  | [potion of mutation]
 38234 | WizLab   | Gained mutation: You are weak. (Str -2) [potion of
                  | mutation]
 38234 | WizLab   | Gained mutation: You have an increased reservoir of magic.
                  | (+10% MP) [potion of mutation]
 38823 | Vaults:3 | Received a gift from Okawaru
 39100 | Vaults:3 | Received a gift from Okawaru
 39407 | Vaults:3 | Reached XP level 22. HP: 142/142 MP: 21/43
 39511 | Vaults:3 | Found a staircase to the Crypt.
 39761 | Vaults:4 | Got the Grimoire of Transmutation
 40069 | Vaults:4 | Identified the +0 robe of Ryxza {Dex+2}
 40081 | Vaults:4 | Noticed Mennas
 40138 | Vaults:4 | Killed Mennas
 40190 | Vaults:4 | Found a runed translucent gate.
 40190 | Vaults:4 | Found a runed translucent gate.
 40190 | Vaults:4 | Found a runed translucent gate.
 40191 | Vaults:4 | Noticed Elvor's ghost (veteran GrDe)
 40392 | Vaults:4 | Noticed Frederick
 40424 | Vaults:4 | Killed Frederick
 40468 | Vaults:4 | Noticed Sojobo
 40523 | Vaults:4 | Received a gift from Okawaru
 40523 | Vaults:4 | Paralysed by an air elemental for 1 turns
 40527 | Vaults:4 | Killed Sojobo
 40539 | Vaults:4 | Received a gift from Okawaru
 40890 | Vaults:4 | Received a gift from Okawaru
 41233 | Vaults:4 | Killed Elvor's ghost
 41268 | Vaults:4 | Identified the +1 pair of gloves "Lusafota" {rC+ Str+2
                  | Dex+3}
 41271 | Vaults:4 | Identified the ring "Feul" {rN+ Will+ Int+4}
 41881 | Vaults:5 | Entered Level 5 of the Vaults
 42062 | Vaults:5 | Received a gift from Okawaru
 42063 | Vaults:5 | Reached XP level 23. HP: 146/148 MP: 6/45
 42353 | D:15     | Bought a scroll of teleportation for 75 gold pieces
 42353 | D:15     | Bought a scroll of acquirement for 1300 gold pieces
 42353 | D:15     | Bought a potion of curing for 75 gold pieces
 42353 | D:15     | Bought a potion of mutation for 200 gold pieces
 42353 | D:15     | Acquired 646 gold pieces
 42404 | D:12     | Bought a potion of curing for 51 gold pieces
 42404 | D:12     | Bought a potion of magic for 136 gold pieces
 42404 | D:12     | Bought a potion of brilliance for 68 gold pieces
 42404 | D:12     | Bought a potion of cancellation for 136 gold pieces
 42404 | D:12     | Bought a potion of curing for 51 gold pieces
 42404 | D:12     | Bought a potion of curing for 51 gold pieces
 42404 | D:12     | Bought a potion of curing for 51 gold pieces
 42482 | Elf:1    | Entered Level 1 of the Elven Halls
 42737 | Elf:1    | Received a gift from Okawaru
 42818 | Elf:1    | Paralysed by an air elemental for 1 turns
 43092 | Elf:1    | Paralysed by an air elemental for 1 turns
 43116 | Elf:1    | Received a gift from Okawaru
 43375 | Elf:1    | Received a gift from Okawaru
 43529 | Elf:1    | Upgraded the game from 0.27.1-1-g398f81649c to
                  | 0.27.1-2-g3b301248ec
 43683 | Elf:2    | Reached skill level 15 in Armour
 43866 | Elf:2    | Found Banavom's Weapon Shoppe.
 44043 | Elf:2    | Found a runed translucent gate.
 44043 | Elf:2    | Found a runed translucent gate.
 44052 | Elf:2    | Found a runed translucent gate.
 44136 | Elf:2    | Received a gift from Okawaru
 44396 | Elf:2    | Received a gift from Okawaru
 44622 | Elf:2    | Received a gift from Okawaru
 44622 | Elf:2    | Found the +3 pair of gauntlets of War {Slay+5}
 44623 | Elf:2    | Reached skill level 15 in Spellcasting
 44822 | Elf:3    | Entered Level 3 of the Elven Halls
 45358 | Elf:3    | Reached XP level 24. HP: 157/157 MP: 4/46
 45378 | Elf:3    | Identified the ring of Juddeowye {Wiz Drain rN+ Will+
                  | Dex+4}
 45420 | Elf:3    | Identified the ring of Bodily Harmony {Ice Int+4 SInv}
 45455 | Elf:3    | Got Yloeppinue's Handbook of Burning Ice
 45573 | Elf:3    | Identified the +9 great sword of Uhejir {freeze, rC- Will++
                  | rCorr SInv}
 45573 | Elf:3    | Identified the +0 robe of the Villain {Rampage}
 45671 | Elf:3    | Found Luxkouve's Book Emporium.
 46382 | Elf:3    | Bought a book of Power for 756 gold pieces
 46389 | Elf:3    | Learned a level 6 spell: Iron Shot
 46949 | Vaults:5 | Identified the +4 war axe of Crystal {drain, Str+4}
 46953 | Vaults:5 | Received a gift from Okawaru
 47056 | Vaults:5 | Got Ereshkigal's Catalogue of Battle Magic
 47109 | Vaults:5 | Found Titeocsy's Jewellery Emporium.
 47436 | Vaults:5 | Received a gift from Okawaru
 47488 | Vaults:5 | Noticed an ancient lich
 47500 | Vaults:5 | Killed an ancient lich
 47509 | Vaults:5 | Identified the +3 spear of Modesty {venom, rPois}
 47509 | Vaults:5 | Identified the ring of Qorurchum {rCorr Str+3 Int-4 Dex+6}
 47569 | Vaults:5 | Noticed an ancient lich
 47952 | Vaults:4 | Killed an ancient lich
 47953 | Vaults:4 | Reached skill level 10 in Dodging
 48029 | Vaults:5 | Reached XP level 25. HP: 132/164 MP: 8/46
 48096 | Vaults:4 | Reached skill level 5 in Conjurations
 48245 | Vaults:5 | Got Vexkech's Collected Works on Enchantment
 48263 | Vaults:5 | Received a gift from Okawaru
 48368 | Vaults:5 | Got a silver rune of Zot
 49372 | Depths:1 | Entered Level 1 of the Depths
 49578 | Depths:1 | Found a one-way gate to the infinite horrors of the Abyss.
 49760 | Depths:1 | Found a gateway to Hell.
 49874 | Depths:1 | Found Tuemu's Jewellery Shoppe.
 49877 | Depths:1 | Found Awohobamp's Jewellery Shoppe.
 49879 | Depths:1 | Found Goikket's Book Boutique.
 50035 | Depths:1 | Found Ycsin's Gadget Gallery.
 50089 | Depths:1 | Voluntarily entered the Abyss.
 51458 | Abyss:3  | Gained mutation: Your body sometimes deteriorates upon
                  | taking damage. [a neqoxec]
 51461 | Abyss:3  | Gained mutation: You are very weak. (Str -4) [a neqoxec]
 51516 | Abyss:3  | Received a gift from Okawaru
 51630 | Abyss:3  | Gained mutation: You occasionally shout uncontrollably at
                  | your foes. [a neqoxec]
 52039 | Abyss:3  | Lost mutation: You have an increased reservoir of magic.
                  | (+10% MP) [a neqoxec]
 52063 | Abyss:3  | Received a gift from Okawaru
 52093 | Abyss:3  | Gained mutation: You are frail. (-10% HP) [a neqoxec]
 52103 | Abyss:3  | Paralysed by a great orb of eyes for 3 turns
 52126 | Abyss:3  | Paralysed by accursed screaming for 1 turns
 52128 | Abyss:3  | Paralysed by accursed screaming for 2 turns
 52139 | Abyss:3  | Received a gift from Okawaru
 52226 | Abyss:3  | Reached XP level 26. HP: 120/120 MP: 1/38
 52464 | Abyss:3  | Got an abyssal rune of Zot
 52496 | Abyss:3  | Received a gift from Okawaru
 52566 | Abyss:3  | Gained mutation: Your body often deteriorates upon taking
                  | damage. [a neqoxec]
 52613 | Depths:1 | Escaped the Abyss
 52741 | D:12     | Lost mutation: You are very weak. (Str -4) [potion of
                  | mutation]
 52741 | D:12     | Lost mutation: You are frail. (-10% HP) [potion of
                  | mutation]
 52741 | D:12     | Lost mutation: You are weak. (Str -2) [potion of mutation]
 52741 | D:12     | Gained mutation: You passively dampen the noise of your
                  | surroundings. [potion of mutation]
 52741 | D:12     | Gained mutation: Your magical capacity is low. (-10% MP)
                  | [potion of mutation]
 52742 | D:12     | Lost mutation: Your body often deteriorates upon taking
                  | damage. [potion of mutation]
 52742 | D:12     | Lost mutation: Your body sometimes deteriorates upon taking
                  | damage. [potion of mutation]
 52742 | D:12     | Lost mutation: You passively dampen the noise of your
                  | surroundings. [potion of mutation]
 52742 | D:12     | Gained mutation: You possess an exceptional clarity of
                  | mind. [potion of mutation]
 52742 | D:12     | Gained mutation: You have sharp toenails. [potion of
                  | mutation]
 52742 | D:12     | Gained mutation: You have a pair of small antennae on your
                  | head. [potion of mutation]
 52743 | D:12     | Lost mutation: Your magical capacity is low. (-10% MP)
                  | [potion of mutation]
 52743 | D:12     | Lost mutation: You have a pair of small antennae on your
                  | head. [potion of mutation]
 52743 | D:12     | Lost mutation: You have sharp toenails. [potion of
                  | mutation]
 52743 | D:12     | Gained mutation: Your flesh is cold resistant. (rC+)
                  | [potion of mutation]
 52743 | D:12     | Gained mutation: Your movements are slightly less
                  | encumbered by armour. (ER -2) [potion of mutation]
 52744 | D:12     | Lost mutation: You possess an exceptional clarity of mind.
                  | [potion of mutation]
 52744 | D:12     | Lost mutation: You occasionally shout uncontrollably at
                  | your foes. [potion of mutation]
 52744 | D:12     | Gained mutation: Your flesh is very cold resistant. (rC++)
                  | [potion of mutation]
 52744 | D:12     | Lost mutation: Your movements are slightly less encumbered
                  | by armour. (ER -2) [potion of mutation]
 52744 | D:12     | Gained mutation: You possess an exceptional clarity of
                  | mind. [potion of mutation]
 52744 | D:12     | Gained mutation: You are partially covered in iridescent
                  | scales. (AC +2) [potion of mutation]
 52756 | D:12     | Learned a level 3 spell: Swiftness
 52760 | D:12     | Learned a level 3 spell: Vampiric Draining
 52787 | D:12     | You showed the abyssal rune of Zot to enter a treasure
                  | trove
 52788 | Trove    | Entered a treasure trove
 52790 | Trove    | Found a bloodstained altar of Trog.
 52808 | Trove    | Identified the +8 quarterstaff "Ceechec" {protect, *Noise
                  | rElec rC+ Will+}
 52824 | Trove    | Identified the +7 dire flail "Rashed" {vamp, +Rage rCorr}
 52842 | Trove    | Found the +4 dagger "Morg" {pain, Will+ Int+5}
 52987 | Depths:2 | Received a gift from Okawaru
 53183 | Depths:2 | Received a gift from Okawaru
 54000 | Depths:2 | Received a gift from Okawaru
 54538 | Depths:3 | Received a gift from Okawaru
 54775 | Depths:3 | Received a gift from Okawaru
 54805 | Depths:3 | Identified the -2 pair of boots of Lethargy {*Slow rElec
                  | rPois} (Okawaru gifted it to you on level 3 of the Depths)
 54805 | Depths:3 | Received a gift from Okawaru
 54841 | Depths:3 | Noticed a juggernaut
 54865 | Depths:3 | Reached skill level 15 in Shields
 54884 | Depths:3 | Reached XP level 27. HP: 157/179 MP: 7/43
 54891 | Depths:3 | Killed a juggernaut
 55136 | Depths:3 | Reached skill level 10 in Staves
 55201 | Depths:3 | Gained mutation: Armour fits poorly on your strangely
                  | shaped body. [a shining eye]
 55456 | Depths:3 | Found Yvvum's General Store.
 55745 | Depths:3 | Found a one-way gate leading to the halls of Pandemonium.
 56068 | Depths:4 | Noticed a juggernaut
 56096 | Depths:4 | Killed a juggernaut
 56096 | Depths:4 | Received a gift from Okawaru
 56159 | Depths:4 | Received a gift from Okawaru
 56200 | Depths:4 | Found a gateway to a ziggurat.
 56241 | Depths:4 | Found a corrupted altar of Lugonu.
 56460 | Depths:4 | Identified the +8 ring mail of Xoym {Dex+4}
 56734 | Depths:4 | Identified the +8 spear of Xoyviroh {drain, Str+6 Int+2}
 56879 | Depths:4 | Acquired 961 gold pieces
 56884 | Depths:5 | Entered Level 5 of the Depths
 56885 | Depths:5 | Noticed a juggernaut
 56897 | Depths:5 | Killed a juggernaut
 56940 | Depths:5 | Received a gift from Okawaru
 56967 | Depths:5 | Reached skill level 5 in Evocations
 57075 | Depths:5 | Received a gift from Okawaru
 57076 | Depths:5 | Received a gift from Okawaru
 57372 | Depths:5 | Received a gift from Okawaru
 57920 | Depths:5 | Found a gate to the Realm of Zot.
 58651 | Slime:1  | Entered Level 1 of the Pits of Slime
 58836 | Slime:2  | Paralysed by a floating eye for 4 turns
 59039 | Slime:5  | Entered Level 5 of the Pits of Slime
 59113 | Slime:4  | Gained mutation: You are clumsy. (Dex -2) [a shining eye]
 59115 | Slime:4  | Gained mutation: Your muscles are strong. (Str +2) [a
                  | shining eye]
 59226 | Slime:4  | Received a gift from Okawaru
 59474 | Slime:5  | Noticed the Royal Jelly
 59837 | Slime:4  | Identified the +1 robe "Gieferom" {rElec Int+4 Dex+3}
                  | (Okawaru gifted it to you on level 4 of the Pits of Slime)
 59837 | Slime:4  | Received a gift from Okawaru
 59895 | Slime:5  | Killed the Royal Jelly
 60234 | Slime:5  | Found the +2 hat of the Bear Spirit {Spirit, +Rage rN+
                  | Will++}
 60272 | Slime:5  | Got a slimy rune of Zot
 60331 | Slime:5  | Got the Grimoire of Beguiling and Clay
 60351 | Slime:5  | Got the Handbook of Hurtful Heat
 60410 | Slime:5  | Identified the +5 pearl dragon scales "Quoh" {rF+ rN+}
 60727 | D:12     | Lost mutation: You are partially covered in iridescent
                  | scales. (AC +2) [potion of mutation]
 60727 | D:12     | Lost mutation: You are clumsy. (Dex -2) [potion of
                  | mutation]
 60727 | D:12     | Gained mutation: Your spells are a little easier to cast,
                  | but a little less powerful. [potion of mutation]
 60727 | D:12     | Gained mutation: Your muscles are very strong. (Str +4)
                  | [potion of mutation]
 60727 | D:12     | Gained mutation: Your mind is acute. (Int +2) [potion of
                  | mutation]
 60728 | D:12     | Lost mutation: Armour fits poorly on your strangely shaped
                  | body. [potion of mutation]
 60728 | D:12     | Lost mutation: Your muscles are very strong. (Str +4)
                  | [potion of mutation]
 60728 | D:12     | Gained mutation: You have sharp toenails. [potion of
                  | mutation]
 60729 | D:12     | Lost mutation: Your mind is acute. (Int +2) [potion of
                  | mutation]
 60729 | D:12     | Lost mutation: Your muscles are strong. (Str +2) [potion of
                  | mutation]
 60729 | D:12     | Lost mutation: Your spells are a little easier to cast, but
                  | a little less powerful. [potion of mutation]
 60729 | D:12     | Gained mutation: You are robust. (+10% HP) [potion of
                  | mutation]
 60906 | Zot:1    | Entered Level 1 of the Realm of Zot
 61968 | Zot:2    | Found a large runed translucent door.
 61968 | Zot:2    | Found a large runed translucent door.
 61969 | Zot:2    | Noticed Oggdrasil's ghost (adept VSFi)
 62009 | Zot:2    | Killed Oggdrasil's ghost
 62024 | Zot:2    | Got Sif Muna's Almanac of Calling
 62726 | Zot:2    | Received a gift from Okawaru
 63210 | Zot:4    | Received a gift from Okawaru
 63353 | Zot:5    | Entered Level 5 of the Realm of Zot
 63418 | Zot:5    | Acquired 623 gold pieces
 63614 | Zot:5    | Noticed an orb of fire
 63622 | Zot:5    | Noticed a dread lich
 63622 | Zot:5    | Noticed an orb of fire
 63623 | Zot:5    | Gained mutation: Your body sometimes deteriorates upon
                  | taking damage. [an orb of fire]
 63623 | Zot:5    | Gained mutation: Potions are less effective at restoring
                  | your health. [an orb of fire]
 63626 | Zot:5    | Noticed a dread lich
 63626 | Zot:5    | Noticed an orb of fire
 63627 | Zot:5    | Noticed an orb of fire
 63631 | Zot:5    | Lost mutation: You possess an exceptional clarity of mind.
                  | [an orb of fire]
 63635 | Zot:5    | Noticed a dread lich
 63636 | Zot:5    | Noticed a dread lich
 63637 | Zot:5    | Noticed an ancient lich
 63638 | Zot:5    | Noticed a dread lich
 63639 | Zot:5    | HP: 7/203 [orb of fire/bolt of fire (26)]
 63641 | Zot:5    | Killed from afar by an orb of fire

Illustrated notes

Levels and vault maps discovered:
D:1:      scummos_arrival_star, layout_basic, minmay_large_rounded_square
D:2:      kennysheep_big_flooded_room, layout_loops_ring,
          shapermc_ecumenical_altar_flowoftime, serial_bayou_lagoon_b
D:3:      layout_loops_ring, old_standard_altar, serial_shops, shop,
          kennysheep_flooded_box, minmay_rat_hole
D:4:      lemuel_castle_with_subvaults [lemuel_castle_interior_original],
          layout_basic, nicolae_ru_the_path_less_chosen, grunt_qazlal_clouds,
          mainiacjoe_overflow_alcove_1, serial_corexii_hall,
          chequers_hall_statues_wall_a, corexii_hall_statues_u,
          corexii_hall_statues_l, corexii_hall_statues_t,
          corexii_hall_statues_s, chequers_hall_statues_corner_a,
          ebering_ghost_gozag, uniq_purgy
D:5:      layout_cave_pools, cheibriados_altar_1, okawaru_ov_weapons_minmay,
          uniq_pikel, uniq_grinder
D:6:      layout_rooms, nicolae_ossuary_entry_monument, item_on_display_a
D:7:      layout_rooms, grunt_temple_overflow_lords_of_destruction,
          grunt_temple_overflow_open, minmay_temple_entry_antechambers
D:8:      layout_basic, mainiacjoe_overflow_paths
D:9:      minmay_spotlight, layout_loops_ring,
          mainiacjoe_overflow_concentric_impassable, gammafunk_ghost_hydra_chop,
          serial_shops, shop, centaur_isle
D:10:     layout_long_grid, kiku_gazebo_garden_becter
D:11:     layout_long_grid, grunt_lair_entry_orc_guard_hut, jiyva_altar_1
D:12:     layout_rooms, orc_david_3, serial_shops, shop,
          nicolae_trove_entry_free_sample, uniq_azrael, uniq_kirke
D:13:     layout_roguey [special_room_bee], enter_bailey_2, grunt_potential
D:14:     layout_roguey, grunt_vaults_entry_tiered,
          nicolae_dithmenos_shadow_blocks, wad_mini_maze, uniq_jorgrun
D:15:     gammafunk_enter_depths_forms, layout_basic, special_room
          [special_room_mythical_zoo], chequers_serial_rivers_marsh,
          serial_shops, shop_statue, glass_columns_c,
          nicolae_inconvenience_store, ice2_lemuel
Temple:   corrupted_temple
Lair:1:   layout_regular_city, columned_hall_lemuel, lemuel_oklob_altar,
          uniq_joseph, uniq_maggie, uniq_gastronok, uniq_harold, uniq_erica
Lair:2:   layout_roguey, gammafunk_ghost_ooze, special_room,
          infiniplex_staircase_pool_2
Lair:3:   beast_lair_carwin_large_2, layout_regular_city,
          skrybe_swamp_entry_bodies, bobbens_dragon_lair_wall, uniq_urug
Lair:4:   layout_misc_corridors, spider_nest_entry_webs, beast_lair_carwin_2,
          grunt_megastairs_1
Lair:5:   layout_long_grid, nicolae_quartered_pool_little, uniq_snorg,
          uniq_nessos
Lair:6:   evilmike_catoblepas_cave, layout_gridlike,
          nicolae_slime_entry_slimehenge, serial_bayou_pond_e,
          chequers_serial_rivers_micro_a, grunt_megastairs_5, lemuel_fruit_tree,
          serial_bayou_shore_b
Swamp:1:  layout_basic_swamp, ebering_ghost_disaster_area,
          nicolae_swamp_godswood
Swamp:2:  layout_basic_swamp, evilmike_swamp_ruin_house_5
Swamp:3:  layout_basic_swamp, serial_swamp_ruin, evilmike_swamp_ruin_rubble_1,
          evilmike_swamp_ruin_house_6, hangedman_swamp_ruin_wall,
          uniq_bai_suzhen
Swamp:4:  swamp_vile, layout_basic_swamp, swamp_pool5,
          nicolae_swamp_small_spring
Spider:1: layout_spider_delve
Spider:2: layout_spider_delve, gammafunk_ghost_arena, nicolae_spider_bzzzt
Spider:3: layout_spider_delve, drop_trap, hangedman_spider_tarantella_strand,
          uniq_nikola, uniq_arachne, uniq_louise
Spider:4: grunt_spider_rune_circles, uniq_aizul
Slime:1:  layout_caves
Slime:2:  cheibrodos_slime_lost_civilization_3, layout_caves
Slime:3:  layout_caves
Slime:4:  layout_caves
Slime:5
Orc:1:    layout_diamond_mine, ebering_ghost_xom, hellmonk_bongcloud_opening
Orc:2:    st_orc_town, layout_diamond_mine, basic_altar, uniq_josephine,
          uniq_rupert
Elf:1:    eino_elf_arrival_sip, layout_loops_corners, hangedman_elf_disciples
Elf:2:    elven_hall_of_blades_hangedman_original
          [nicolae_blade_entry_pointy_end], layout_geoelf_octagon, serial_shops,
          nicolae_shop_temple_entry_statues_fountains, kilobyte_rumbling_trees
Elf:3:    elf_hall_gauntlet_narrow, layout_gridlike, serial_shops,
          nicolae_shop_trees
Vaults:1: st_eye, ontoclasm_vaults_ligature, hangedman_vaults_impose, v_misc_19,
          nicolae_vaults_little_squares_1, nicolae_vaults_alarming,
          nicolae_vaults_specimen_jars, vaults_room_fours,
          vaults_room_grunt_arrival_ludios, ontoclasm_vaults_shuriken,
          layout_vaults_chaotic_city, serial_shops, shop, uniq_saint_roka
Vaults:2: nicolae_vaults_lopsided_apartments, ontoclasm_vaults_chip,
          nicolae_vaults_big_angled_halls, layout_vaults_omnigrid, serial_shops,
          bzr_entry_dummy
Vaults:3: st_octagons_1, v_misc_1, hangedman_vaults_nails, v_misc_2, v_misc_30,
          grunt_vaults_focal, vaults_room_fancy_cross,
          hangedman_vaults_capsules, ontoclasm_vaults_decontamination,
          grunt_vaults_bifocal, minmay_crypt_entry_simple_walls,
          grunt_vaults_hallway_short, nicolae_vaults_asterisk,
          layout_vaults_maze_snakey, lightli_enter_wizlab_magi_temple
Vaults:4: gammafunk_vaults_ghost_tricky_traps, vaults_mumra_hexcomb,
          ontoclasm_vaults_chip, grunt_vaults_funnel,
          ontoclasm_vaults_ring_small, nicolae_vaults_yaktaur_gun_rack,
          v_misc_22, vaults_room_fours, v_misc_8,
          vaults_standard_mumra_enter_the_diamond, vaults_dpeg_diagonal,
          ontoclasm_vaults_misaligned, v_misc_17, nicolae_vaults_asterisk,
          layout_vaults_omnibox, uniq_sojobo, uniq_mennas, uniq_frederick
Vaults:5
Depths:1: layout_cave_pools, minmay_misc_feat_tiny, hangedman_coc_ice_floe,
          abyss_entry, roderic_serpentine_path, st_stairs_12,
          nicolae_shop_gadgets, firewood_loft, minmay_shop_grove
Depths:2: hangedman_six_sided_sadism, layout_gridville, hell_entry,
          serial_sigils_hangedman_clutch
Depths:3: grunt_bent_corner, layout_basic, rand_demon_pan_entry_5, serial_shops,
          shop_statue, chequers_jeans, hell_entry, infiniplex_staircase_star,
          serial_bayou_shore_a, serial_bayou_shore_b
Depths:4: cheibrodos_leafed_vault, layout_cave_pools, enter_ziggurat_b,
          abyss_entry_flame_altar, hell_entry, minmay_staircase_windowed_small
Depths:5: evilmike_zot_entry_basic, layout_basic, abyss_entry,
          grunt_hell_entry_demonic_statue, st_stairs_4, grunt_megastairs_3
Zot:1:    layout_onion
Zot:2:    lemuel_acid_trip, layout_cathedral_of_symmetry,
          ebering_ghost_disaster_area
Zot:3:    kennysheep_blocky_room, layout_gridlike
Zot:4:    minmay_elemental_castle, layout_twisted_circle,
          nicolae_transmutations_shop
Zot:5:    layout_misc_corridors

Skill      XL: |  1  2  3  4  5  6  7  8  9 10 11 12 13 14 15 16 17 18 19 20 21 22 23 24 25 26 27 |
---------------+----------------------------------------------------------------------------------+-----
Stealth        | 6 7 8 9 10 11 | 11.3
Maces & Flails | 3 4 5 7 8 9 10 11 12 13 14 | 14.7
Armour         | 1 2 3 5 6 7 9 11 12 13 14 15 16 17 18 20 | 20.6
Fighting       | 4 5 6 7 8 9 10 11 13 14 15 16 17 18 19 20 22 | 22.3
Dodging        | 2 3 4 5 6 7 8 9 10 11 | 11.8
Throwing       | 1 2 4 5 6 7 8 9 10 11 12 13 14 | 14.1
Evocations     | 1 2 3 4 5 |  5.4
Earth Magic    | 3 5 6 7 9 10 12 13 14 15 16 17 18 19 20 22 | 22.0
Spellcasting   | 1 4 5 6 7 9 10 11 12 13 14 15 16 18 | 18.3
Invocations    | 1 3 4 5 6 7 |  7.8
Translocations | 1 2 |  2.8
Shields        | 3 4 6 7 8 9 10 11 12 13 14 15 17 | 17.3
Staves         | 3 4 6 7 8 9 10 | 10.5
Conjurations   | 1 2 3 4 5 6 7 |  7.9
Transmutations | 1 2 |  2.4

Action                   |  1- 3 |  4- 6 |  7- 9 | 10-12 | 13-15 | 16-18 | 19-21 | 22-24 | 25-27 || total
-------------------------+-------+-------+-------+-------+-------+-------+-------+-------+-------++-------
Melee: Mace              |    31 |   313 |    65 |       |       |       |       |       |       ||   409
       Flail             |       |   110 |   293 |   189 |    50 |       |       |       |       ||   642
       Punch             |       |       |     1 |     4 |       |       |       |       |       ||     5
       Whip              |       |       |   117 |   562 |       |       |       |       |       ||   679
       Staff             |       |       |       |       |   843 |  1348 |   602 |   610 |  1160 ||  4563
       Eveningstar       |       |       |       |       |       |   119 |   276 |       |   246 ||   641
       Demon whip        |       |       |       |       |       |       |   195 |   585 |  1294 ||  2074
Throw: Stone             |       |    94 |    26 |     1 |       |       |       |     3 |       ||   124
       Dart              |       |     9 |    47 |   109 |   229 |    62 |    38 |    15 |    20 ||   529
       Boomerang         |       |       |    52 |   103 |    96 |   439 |   398 |   364 |   252 ||  1704
       Throwing net      |       |       |       |       |     2 |       |       |       |       ||     2
       Javelin           |       |       |       |       |       |       |       |       |    28 ||    28
 Cast: Sandblast         |       |       |    38 |   109 |   239 |    69 |       |       |       ||   455
       Blink             |       |       |       |     9 |     8 |     7 |     1 |     1 |    12 ||    38
       Lee's Rapid Decon |       |       |       |     3 |   127 |   126 |   164 |   160 |   229 ||   809
       Petrify           |       |       |       |       |       |    45 |    63 |     6 |     6 ||   120
       Stone Arrow       |       |       |       |       |       |   134 |    96 |    79 |    22 ||   331
       Apportation       |       |       |       |       |       |       |     3 |     2 |     9 ||    14
       Iron Shot         |       |       |       |       |       |       |       |    31 |   196 ||   227
       Shatter           |       |       |       |       |       |       |       |       |     6 ||     6
       Lehudib's Crystal |       |       |       |       |       |       |       |       |     5 ||     5
Invok: Heroism           |       |       |     5 |    19 |     6 |    23 |    24 |    14 |    43 ||   134
       Finesse           |       |       |       |     6 |     3 |     9 |     8 |     8 |     9 ||    43
Evoke: Wand              |       |     3 |     6 |    30 |    22 |    65 |    18 |     8 |    54 ||   206
       Tin of tremorston |       |       |       |       |       |       |       |       |     9 ||     9
       Lightning rod     |       |       |       |       |       |       |       |       |     6 ||     6
       Condenser vane    |       |       |       |       |       |       |       |       |     2 ||     2
  Use: Potion            |     1 |     3 |     9 |     7 |     1 |     2 |     6 |     5 |    21 ||    55
       Scroll            |     1 |     1 |     6 |     8 |     7 |     5 |     5 |     5 |    24 ||    62
 Stab: Sleeping          |       |     1 |       |     2 |     1 |     4 |     1 |     4 |     3 ||    16
       Paralysed         |       |       |       |     3 |       |       |       |       |       ||     3
       Distracted        |       |       |       |       |     1 |       |       |     1 |     5 ||     7
       Petrified         |       |       |       |       |    14 |    52 |   126 |    25 |       ||   217
       Petrifying        |       |       |       |       |     3 |    10 |    11 |     3 |       ||    27
       Confused          |       |       |       |       |       |       |     4 |       |       ||     4
Armor: Scale mail        |    16 |    15 |       |       |       |       |       |       |       ||    31
       Leather armour    |     1 |       |   101 |   185 |       |       |       |       |       ||   287
       Chain mail        |       |   307 |   198 |       |       |       |       |       |       ||   505
       Skin              |       |       |    86 |       |       |       |       |       |       ||    86
       Acid dragon scale |       |       |       |   162 |   486 |   507 |       |       |       ||  1155
       Ring mail         |       |       |       |       |       |   454 |   448 |   411 |  1093 ||  2406
Dodge: Dodged            |    15 |   162 |   258 |   437 |   465 |   951 |   485 |   336 |  1201 ||  4310
Block: Kite shield       |       |       |       |    66 |   480 |  1036 |   691 |   618 |  1903 ||  4794
       Buckler           |       |       |       |       |   141 |   193 |       |       |       ||   334
       Reflection        |       |       |       |       |    12 |    38 |    59 |    51 |    44 ||   204
